 Dungeon Crawl Stone Soup version 0.23.2-40-g277498a001 (webtiles) character file.

Game seed: 7930931205202905599

2044 Fanfaron the Insei (level 9, -4/58 HPs)
             Began as an Octopode Transmuter on Aug 20, 2019.
             Was a Priest of Okawaru.
             Slain by an ice beast (12 damage)
             ... on level 7 of the Dungeon.
             The game lasted 00:29:46 (9664 turns).

Fanfaron the Insei (Octopode Transmuter)            Turns: 9664, Time: 00:29:49

Health: -4/58      AC:  2    Str:  9    XL:     9   Next: 24%
Magic:  9/14       EV: 23    Int: 16    God:    Okawaru [***...]
Gold:   280        SH:  0    Dex: 20    Spells: 5/15 levels left

rFire    . . .     SeeInvis .     - Unarmed
rCold    . . .     Gourm    .   (shield currently unavailable)
rNeg     . . .     Faith    +   (helmet currently unavailable)
rPois    x         Spirit   .   j - amulet of faith
rElec    .         Reflect  .   n - ring of stealth
rCorr    .         Harm     .   q - ring of stealth
MR       .....                  (no ring)
Stlth    +++++.....             (no ring)
HPRegen  0.19/turn              (no ring)
MPRegen  0.14/turn              (no ring)
                                (no ring)
                                (no ring)

@: spider-form, very slightly contaminated
A: tiny, almost no armour, stealthy swim, (amphibious), 8 rings, (constrict 8)
a: End Transformation, Heroism, Renounce Religion


You were on level 7 of the Dungeon.
You worshipped Okawaru.
Okawaru was most pleased with you.
You were not hungry.
You were a venomous arachnid creature.
You visited 2 branches of the dungeon, and saw 9 of its levels.

You collected 345 gold pieces.
You spent 65 gold pieces at shops.

Inventory:

Missiles
 a - 89 arrows
Jewellery
 j - an amulet of faith (around neck)
 n - a ring of stealth (left front leg)
 q - a ring of stealth (right front leg)
Wands
 m - a wand of acid (9)
Scrolls
 b - a scroll of magic mapping {unknown}
 d - 4 scrolls of remove curse
 e - 3 scrolls of identify
 h - 2 scrolls of amnesia
 k - 2 scrolls of enchant weapon
 o - 2 scrolls of teleportation {unknown}
 s - a scroll of immolation {unknown}
 u - a scroll of fog {unknown}
 x - a scroll of enchant armour {unknown}
 y - a scroll of fear {unknown}
Potions
 f - 4 potions of curing
 g - 2 potions of might
 i - a potion of ambrosia
 l - a potion of haste
 p - a potion of cancellation
 r - a potion of brilliance
 t - a potion of heal wounds
 v - a potion of lignification {unknown}
Comestibles
 c - 10 rations
 w - 2 chunks of flesh


   Skills:
 - Level 4.0 Fighting
 + Level 4.7 Dodging
 - Level 4.4 Stealth
 * Level 7.0 Unarmed Combat
 + Level 3.5 Spellcasting
 + Level 4.6 Transmutations
 + Level 2.2 Ice Magic
 - Level 2.8 Poison Magic
 + Level 3.2 Invocations


You had 5 spell levels left.
You knew the following spells:

 Your Spells              Type           Power        Failure   Level  Hunger
a - Beastly Appendage     Tmut           ###...       10%         1    None
b - Sticks to Snakes      Tmut           ###.....     13%         2    ##.....
c - Spider Form           Tmut/Pois      ##........   28%         3    ###....
d - Ice Form              Ice/Tmut       ##......     61%         4    ####...

Your spell library contained the following spells:

 Spells                   Type           Power        Failure   Level  Hunger
 Blade Hands              Tmut           ###.......   78%         5    ######.


Dungeon Overview and Level Annotations

Branches:
Dungeon (8/15)             Temple (1/1) D:4
   Lair: D:8-11

Altars:
Ashenzari
Cheibriados
Dithmenos
Elyvilon
Fedhas
Gozag
Hepliaklqana
Kikubaaqudgha
Makhleb
Nemelex Xobeh
Okawaru
Qazlal
Ru
Sif Muna
Trog
Uskayaw
Vehumet
Wu Jian
Xom
Yredelemnul
Zin
The Shining One

Shops:
D:6 !

Annotations:
D:5 2 transporters, tape's ghost, novice DsNe
D:6 Eustachio


Innate Abilities, Weirdness & Mutations

You cannot wear most types of armour.
You are very stealthy in the water. (Stealth+)
((You are amphibious.))
You can wear up to eight rings at the same time.
((You can use your tentacles to constrict eight enemies at once.))
((Your skin changes colour to match your surroundings (Stealth+).))
((Your rubbery body absorbs attacks. (AC +1, EV +1)))


Message History

The crimson imp closely misses you. The howler monkey hits you.
You climb upwards.
There is a stone staircase leading down, spattered with blood here.
You see here a howler monkey skeleton.
You hit the ice beast but do no damage. You barely miss the ice beast.
The crimson imp barely misses you. The ice beast misses you.
You barely miss the ice beast.
The crimson imp hits you but does no damage.
The ice beast hits you. The ice beast freezes you!
You hit the ice beast but do no damage.
The ice beast is poisoned.
The crimson imp misses you. The ice beast hits you. The ice beast freezes you!
* * * LOW HITPOINT WARNING * * *
You hit the ice beast.
The ice beast looks as sick as possible!
The ice beast is moderately wounded.
The crimson imp completely misses you. The ice beast hits you.
* * * LOW HITPOINT WARNING * * *
The ice beast freezes you!
You die...

................# #.#
#.#.###..#####..#######.#####
#.#.##......................#
..#.##...######.#######.###.#
#.......................# #.#####
#.#.###.########.######## #.#....
....# #.# #..# #.#.###
#.#####.########.5#### #.#....
................sY...######.#.###
....#............................
..#.#.############...########.###
.##.#.# #######..## #.[....
.##.#.# #....##...# #.#<###
.##.#.# #.##.###..# #.#....
.##.#.#######.##.# #..## #.#)...
.##...........##.# ##..# #.#..#.
#####.##########.# #..## #.#..#.


You could see an ice beast and a crimson imp.

Vanquished Creatures
  A wyvern (D:7)
  2 hungry ghosts (D:7)
  Menkaure (D:7)
  Edmund (D:5)
  A black bear (D:7)
  An ogre (D:7)
  A phantom (Temple)
  2 centaurs (D:6)
  A bullfrog (D:6)
  2 scorpions (D:4)
  3 howler monkeys
  A bullfrog zombie (D:6)
  2 crimson imps
  A centaur zombie (D:6)
  2 jellies (D:7)
  A bullfrog skeleton (D:5)
  3 orc priests
  An orc wizard (D:6)
  An iguana (D:4)
  4 worker ants
  A hound skeleton (D:4)
  A howler monkey zombie (D:7)
  4 gnolls (D:2)
  4 adders
  3 shadow imps
  An adder skeleton (D:4)
  A worm (D:3)
  2 dart slugs
  2 leopard geckos
  11 orcs
  8 bats
  7 giant cockroaches
  8 goblins
  13 hobgoblins
  14 jackals
  3 quokkas
  9 frilled lizards
  10 kobolds
  A quokka skeleton (D:4)
  5 rats
140 creatures vanquished.

Notes
Turn   | Place    | Note
-------+----------+-------------------------------------------
     0 | D:1      | Fanfaron the Octopode Transmuter began the quest for the
                  | Orb.
     0 | D:1      | Reached XP level 1. HP: 13/13 MP: 3/3
    18 | D:1      | Reached XP level 2. HP: 13/18 MP: 3/5
    98 | D:1      | Learned a level 2 spell: Sticks to Snakes
   310 | D:1      | Reached skill level 1 in Stealth
   776 | D:1      | Reached XP level 3. HP: 18/23 MP: 6/6
  1217 | D:1      | Found a sparkling altar of Nemelex Xobeh.
  1387 | D:2      | Learned a level 3 spell: Spider Form
  1535 | D:2      | Reached XP level 4. HP: 15/28 MP: 5/7
  2351 | D:2      | Found a glowing golden altar of the Shining One.
  2808 | D:3      | Reached skill level 4 in Unarmed Combat
  2970 | D:3      | Reached XP level 5. HP: 33/34 MP: 6/8
  4086 | D:3      | Reached skill level 1 in Poison Magic
  4224 | D:4      | Reached XP level 6. HP: 39/39 MP: 5/9
  4241 | D:4      | Noticed a phantom
  4974 | D:4      | Found a staircase to the Ecumenical Temple.
  4982 | D:4      | Noticed a phantom
  4993 | Temple   | Entered the Ecumenical Temple
  5077 | Temple   | Became a worshipper of Warmaster Okawaru
  5131 | Temple   | Killed a phantom
  5256 | D:4      | Learned a level 4 spell: Ice Form
  5603 | D:4      | Reached XP level 7. HP: 41/45 MP: 7/11
  5783 | D:5      | Entered Level 5 of the Dungeon
  5910 | D:5      | Found a transporter.
  5915 | D:5      | Found a transporter.
  5916 | D:5      | Noticed tape's ghost (novice DsNe)
  5931 | D:5      | Noticed a hornet
  5951 | D:5      | Noticed Edmund
  5973 | D:5      | Killed Edmund
  5973 | D:5      | Reached skill level 5 in Unarmed Combat
  6758 | D:6      | Noticed Eustachio
  6829 | D:6      | Reached * piety under Okawaru
  7128 | D:6      | Reached XP level 8. HP: 35/52 MP: 8/12
  7253 | D:6      | Reached skill level 1 in Invocations
  7586 | D:6      | Found Koychicu's Distillery.
  7591 | D:6      | Bought a potion of heal wounds for 65 gold pieces
  8289 | D:7      | Reached skill level 6 in Unarmed Combat
  8298 | D:7      | Reached ** piety under Okawaru
  8298 | D:7      | Reached skill level 1 in Ice Magic
  8968 | D:7      | Noticed Menkaure
  8977 | D:7      | Killed Menkaure
  9017 | D:7      | Reached XP level 9. HP: 41/58 MP: 11/13
  9271 | D:7      | Reached *** piety under Okawaru
  9587 | D:7      | Reached skill level 7 in Unarmed Combat
  9664 | D:7      | Slain by an ice beast

Skill      XL: |  1  2  3  4  5  6  7  8  9 |
---------------+----------------------------+-----
Stealth        | 1 2 3 4 |  4.4
Unarmed Combat | 4 5 6 7 |  7.0
Poison Magic   | 1 2 |  2.8
Fighting       | 2 3 4 |  4.0
Dodging        | 3 4 |  4.7
Transmutations | 3 4 |  4.6
Spellcasting   | 3 |  3.5
Invocations    | 2 3 |  3.2
Ice Magic      | 1 2 |  2.2

Action                   |  1- 3 |  4- 6 |  7- 9 || total
-------------------------+-------+-------+-------++-------
Melee: Unarmed           |    75 |   185 |   197 ||   457
       Constrict         |    21 |    36 |    19 ||    76
       Tentacles         |    11 |    24 |    21 ||    56
       Kick              |     7 |    13 |    11 ||    31
       Punch             |     1 |     4 |     4 ||     9
 Cast: Beastly Appendage |    10 |    14 |     6 ||    30
       Sticks to Snakes  |     1 |     3 |       ||     4
       Spider Form       |       |     4 |    11 ||    15
Invok: Heroism           |       |       |     2 ||     2
  Use: Scroll            |       |     5 |     4 ||     9
       Potion            |       |       |     1 ||     1
 Stab: Sleeping          |     2 |     6 |     8 ||    16
       Distracted        |       |     1 |       ||     1
  Eat: Chunk             |     2 |    14 |    10 ||    26
       Ration            |       |       |     4 ||     4
Armor: Skin              |     7 |     9 |    12 ||    28
Dodge: Dodged            |    57 |   114 |   157 ||   328
